 Dungeon Crawl Stone Soup version 0.30.0-5-g1a98f26d00 (webtiles) character file.

Game seed: 6382359772384790699

921 Pimp the Shooter (level 7, -7/41 HPs)
             Began as a Deep Elf Hunter on May 12, 2023.
             Shot with a bolt by an orc warrior (15 damage)
             ... on level 6 of the Dungeon.
             The game lasted 00:08:47 (4488 turns).

Pimp the Shooter (Deep Elf Hunter)                  Turns: 4488, Time: 00:08:47

Health: -7/41      AC:  4    Str:  8    XL:     7   Next: 84%
Magic:  16/16      EV: 14    Int: 14    God:
Gold:   251        SH:  0    Dex: 20    Spells: 16/16 levels left

rFire   . . .        a - +2 shortbow
rCold   . . .        (shield currently unavailable)
rNeg    . . .        c - +0 leather armour
rPois   .            (no helmet)
rElec   .            (no cloak)
rCorr   .            (no gloves)
SInv    .            i - +0 pair of boots
Will    .....        (no amulet)
Stlth   +++          (no ring)
HPRegen 0.26/turn    (no ring)
MPRegen 0.15/turn

%: no passive effects
@: no status effects
A: no striking features
a: no special abilities


You were on level 6 of the Dungeon.
You visited 1 branch of the dungeon, and saw 6 of its levels.

You collected 251 gold pieces.

Inventory:

Hand Weapons
 a - a +2 shortbow (weapon)
 y - a +2 dagger of venom
 z - a +4 dagger
Armour
 c - a +0 leather armour (worn)
 i - a +0 pair of boots (worn)
Magical Staves
 h - a staff of cold
 q - a staff of conjuration
Jewellery
 e - an amulet of reflection
Wands
 l - a wand of iceblast (15)
 s - a wand of mindburst (9)
 u - a wand of paralysis (9)
 w - a wand of flame (27)
Scrolls
 b - a scroll of immolation
 d - 2 scrolls of blinking
 g - 2 scrolls of vulnerability
 j - 2 scrolls of teleportation
 k - a scroll of fog
Potions
 f - 2 potions of haste
 m - a potion of brilliance {unknown}
 n - a potion of magic {unknown}
 o - 3 potions of curing
 p - 3 potions of ambrosia
 r - a potion of attraction {unknown}
 t - a potion of mutation {unknown}
 v - a potion of heal wounds {unknown}
 x - 2 potions of lignification {unknown}


   Skills:
 + Level 3.6 Fighting
 + Level 7.5 Ranged Weapons
 + Level 5.2 Dodging
 + Level 5.2 Stealth
 + Level 5.0 Spellcasting


You had 16 spell levels left.
You didn't know any spells.
Your spell library contained the following spells:

 Spells                   Type           Power      Damage    Failure   Level
 Apportation              Tloc           6%         N/A       26%         1
 Necrotise                Necr           12%        1d4       26%         1
 Summon Small Mammal      Summ           12%        N/A       26%         1


Dungeon Overview and Level Annotations

Branches:
Dungeon (6/15)
 Temple: D:4-7

Altars:
Makhleb

Shops:
D:1 [   D:2 =   D:3 [


Message History

Found a stone staircase leading down.
You shoot an arrow.
The arrow hits the ufetubus but does no damage.
The ufetubus shouts!
You shoot an arrow. The arrow hits the ufetubus!
You kill the ufetubus!
You see here a +4 dagger.
z - a +4 dagger You now have 251 gold pieces (gained 11).
x - 2 ruby potions (gained 1)
An ufetubus comes into view.
You shoot an arrow. The arrow hits the ufetubus.
The ufetubus shouts!
The ufetubus is moderately wounded.
You shoot an arrow. The arrow hits the ufetubus.
The ufetubus is severely wounded.
An orc warrior comes into view. It is wielding a +0 mace.
You shoot an arrow. The orc warrior shouts!
The arrow hits the ufetubus!
You kill the ufetubus!
The orc warrior unwields a +0 mace.
The orc warrior wields a +0 arbalest.
The orc warrior shoots a bolt.
The bolt barely misses you.
You shoot an arrow. The arrow hits the orc warrior!
The orc warrior is moderately wounded.
An orc priest comes into view. It is wielding a +0 dagger.
You shoot an arrow.
The arrow completely misses the orc warrior.
The orc priest shouts!
The arrow hits the orc priest.
The orc priest is heavily wounded.
The orc warrior shoots a bolt.
The bolt hits you!!
Ouch! That really hurt!
The orc warrior shoots a bolt.
The bolt barely misses you.
An orc comes into view. It is wielding a +0 whip.
The orc warrior shoots a bolt.
The bolt hits you!
* * * LOW HITPOINT WARNING * * *
There is a stone staircase leading up here.
The orc warrior shoots a bolt.
The bolt hits you!
You die...

.............#
.............###
................
............o..
#......#.o.o..
.##..............
................#
./.........# ..#
.......@..## ..### .
..........## ##...###..
.......#...###.........
..#..###........>....#
..... ##............#
......###.....#..###.#
.............##.##
#............#..#
.#........#.##


You could see an orc warrior, an orc priest and an orc.

Vanquished Creatures
  Sigmund (D:2)
  Duvessa (D:5)
  2 ogres (D:5)
  A phantom (D:5)
  Dowan (D:5)
  A howler monkey (D:4)
  A hound (D:5)
  A sleepcap (D:4)
  2 iguanas
  3 gnolls (D:3)
  8 adders
  2 white imps (D:5)
  4 ufetubi
  A worm (D:3)
  4 dart slugs
  An orc (D:5)
  6 bats
  4 endoplasms
  7 giant cockroaches
  6 hobgoblins
  4 jackals (D:4)
  5 kobolds
  8 quokkas
  3 ball pythons
  2 frilled lizards (D:2)
  8 goblins
  6 rats
93 creatures vanquished.

Notes
Turn   | Place    | Note
-------+----------+-------------------------------------------
     0 | D:1      | Pimp the Deep Elf Hunter began the quest for the Orb.
     0 | D:1      | Reached XP level 1. HP: 12/12 MP: 3/3
   112 | D:1      | Reached XP level 2. HP: 13/17 MP: 4/4
   732 | D:1      | Found Eskesmydgh's Antique Armour Boutique.
   792 | D:1      | Reached skill level 1 in Spellcasting
   808 | D:1      | Found a faded altar of an unknown god.
  1244 | D:2      | Reached XP level 3. HP: 21/21 MP: 6/6
  1285 | D:2      | Found Niemeimp's Jewellery Boutique.
  1678 | D:2      | Noticed Sigmund
  1688 | D:2      | Killed Sigmund
  1689 | D:2      | Reached skill level 6 in Ranged Weapons
  1689 | D:2      | Reached XP level 4. HP: 13/27 MP: 7/10
  1689 | D:2      | Reached XP level 5. HP: 14/31 MP: 7/11
  2347 | D:3      | Found Wyvejet's Armour Emporium.
  2787 | D:4      | Reached XP level 6. HP: 35/36 MP: 12/12
  3256 | D:5      | Entered Level 5 of the Dungeon
  3358 | D:5      | Found a burning altar of Makhleb.
  3424 | D:5      | Noticed Duvessa
  3500 | D:5      | Noticed Dowan
  3637 | D:5      | Reached XP level 7. HP: 41/41 MP: 13/15
  3904 | D:5      | Reached skill level 7 in Ranged Weapons
  3935 | D:5      | Killed Duvessa
  3947 | D:5      | Killed Dowan
  3948 | D:5      | Reached skill level 5 in Dodging
  4348 | D:5      | Reached skill level 5 in Stealth
  4361 | D:5      | Reached skill level 5 in Spellcasting
  4488 | D:6      | Shot with a bolt by an orc warrior

Illustrated notes

Levels and vault maps discovered:
D:1:      scummos_arrival_forest, layout_basic,
          ebering_ecumenical_altar_petrified, serial_co_window_serial,
          co_window_corner_a, co_window_cross_1, co_window_paths_a,
          co_window_cross_1, co_window_of_opportunity_a, co_window_corner_ca,
          co_window_broadway_c, co_window_broadway_b, co_window_4corner_b,
          co_window_paths_d, glass_columns_a, glass_columns_c, glass_columns_b,
          glass_columns_a, glass_columns_b, serial_shops, shop_fountains
D:2:      layout_basic, serial_shops, shop, minmay_statues_item, uniq_sigmund
D:3:      layout_loops_cross, serial_shops, nicolae_shop_hallway_plus,
          kennysheep_generic_room_4
D:4:      layout_cave_pools
D:5:      layout_loops_ring, makhleb_heckhound_becter,
          kennysheep_big_empty_room, uniq_duvessa
D:6:      layout_layer_cave

Skill      XL: |  1  2  3  4  5  6  7 |
---------------+----------------------+-----
Spellcasting   | 1 2 3 4 5 |  5.0
Stealth        | 2 3 4 5 |  5.2
Dodging        | 3 4 5 |  5.2
Fighting       | 2 3 |  3.6
Ranged Weapons | 6 7 |  7.5

Action                     |  1- 3 |  4- 6 |  7- 9 || total
---------------------------+-------+-------+-------++-------
  Melee: Dagger            |       |       |     6 ||     6
   Fire: Shortbow          |    81 |   142 |    60 ||   283
    Use: Scroll            |     6 |     6 |       ||    12
 Armour: Leather armour    |     3 |    24 |     8 ||    35
  Dodge: Dodged            |     9 |    67 |    31 ||   107
